 Dungeon Crawl Stone Soup version 0.24-a0-317-g5cb8de4 (webtiles) character file.

Game seed: 7201676275130618419

33000 Borgoz the Carver (level 13, -1/178 HPs)
             Began as a Hill Orc Gladiator on May 16, 2019.
             Was a Follower of Ashenzari.
             Slain by a water elemental (8 damage)
             ... on level 14 of the Dungeon.
             The game lasted 00:36:52 (13691 turns).

Borgoz the Carver (Hill Orc Gladiator)             Turns: 13691, Time: 00:36:54

Health: -1/178     AC: 12    Str: 23    XL:     13   Next: 68%
Magic:  0/16       EV: 19    Int:  8    God:    Ashenzari [*.....]
Gold:   456        SH:  0    Dex: 16    Spells: 12/12 levels left

rFire    + . .     SeeInvis .   a - +7 Singing Sword {slice, sonic wave}
rCold    . . .     Gourm    .   (no shield)
rNeg     . . .     Faith    .   D - +0 ring mail "Woem Pao" {rPois rCorr Stlth+} (curse)
rPois    +         Spirit   +   y - +2 helmet
rElec    .         Reflect  .   P - scarf {Spirit}
rCorr    +         Harm     .   F - +0 pair of gloves (curse)
MR       .....                  (no boots)
Stlth    ..........             I - amulet of regeneration
HPRegen  0.79/turn              A - ring of protection from fire
MPRegen  0.15/turn              t - +2 ring of evasion

@: berserking (expiring), slowed
A: no striking features
a: Curse Item, Scrying, Renounce Religion


You were on level 14 of the Dungeon.
You worshipped Ashenzari.
Ashenzari was aware of your devotion.
You were not hungry.

You visited 2 branches of the dungeon, and saw 15 of its levels.
You also visited: Sewer and Ossuary.

You collected 898 gold pieces.
You spent 442 gold pieces at shops.

Inventory:

Hand Weapons
 a - the +7 Singing Sword (weapon) {slice, sonic wave}
   (You found it on level 6 of the Dungeon)

   It inflicts extra damage upon your enemies.
 b - the +6 short sword of the Tundras {venom, rF- rC+ Str+3 Dex+5}
   (You took it off a kobold on level 3 of the Dungeon)

   It poisons the flesh of those it strikes.
   It affects your strength (+3).
   It affects your dexterity (+5).
   It makes you vulnerable to fire.
   It protects you from cold.
Missiles
 G - a throwing net (quivered)
Armour
 e - +0 steam dragon scales
 y - a +2 helmet (worn)
 D - the cursed +0 ring mail "Woem Pao" (worn) {rPois rCorr Stlth+}
   (You found it on level 4 of the Dungeon)

   It protects you from poison.
   It provides partial protection from all sources of acid and corrosion.
   It makes you more stealthy.
   It has a curse placed upon it.
 F - a cursed +0 pair of gloves (worn)
 M - a scarf of repulsion
 P - a scarf of spirit shield (worn)
 U - a +2 chain mail of cold resistance
Jewellery
 c - an uncursed amulet of the gourmand
 i - an uncursed ring of fire
 j - an uncursed ring of resist corrosion
 t - a +2 ring of evasion (right hand)
 A - a ring of protection from fire (left hand)
 I - an amulet of regeneration (around neck)
 T - an uncursed ring of protection from fire
Wands
 g - a wand of disintegration (24)
 h - a wand of scattershot (4)
 n - a wand of random effects (24)
 u - a wand of paralysis (10)
 O - a wand of digging (11)
 Q - a wand of enslavement (6)
Scrolls
 q - 8 scrolls of remove curse
 r - 7 scrolls of teleportation
 z - a scroll of amnesia
 B - 4 scrolls of fog
 C - 2 scrolls of blinking
 J - a scroll of enchant armour
 K - a scroll of brand weapon
 N - a scroll of holy word
 R - a scroll of acquirement
Potions
 d - a potion of resistance
 k - 3 potions of cancellation
 l - 5 potions of flight
 o - 2 potions of mutation
 p - a potion of agility
 s - 9 potions of curing
 v - 4 potions of brilliance
 w - 3 potions of heal wounds
 E - 2 potions of might
 H - a potion of ambrosia
 L - a potion of lignification
Comestibles
 f - 25 rations


   Skills:
 * Level 12.5 Fighting
 * Level 13.2 Long Blades
 - Level 1.7 Throwing
 * Level 11.4 Armour
 * Level 9.3 Dodging
 - Level 5.0 Stealth
 - Level 5.0 Evocations


You had 12 spell levels left.
You didn't know any spells.
Your spell library contained the following spells:

 Spells                   Type           Power        Failure   Level  Hunger
 Beastly Appendage        Tmut           #.....       52%         1    ##.....
 Magic Dart               Conj           #...         52%         1    ##.....
 Blink                    Tloc           N/A          67%         2    ###....
 Call Imp                 Summ           #.......     67%         2    ###....
 Passwall                 Tmut/Erth      #.......     67%         2    ###....
 Slow                     Hex            #.......     67%         2    ###....
 Sticks to Snakes         Tmut           #.......     67%         2    ###....
 Throw Frost              Conj/Ice       #.....       67%         2    ###....
 Conjure Flame            Conj/Fire      #.......     88%         3    ####...
 Mephitic Cloud           Conj/Pois/Air  #.......     88%         3    ####...
 Ozocubu's Armour         Chrm/Ice       #.......     88%         3    ####...
 Spider Form              Tmut/Pois      #.........   88%         3    ####...
 Ice Form                 Ice/Tmut       #.......     99%         4    #####..
 Leda's Liquefaction      Hex/Erth       #.........   99%         4    #####..
 Blade Hands              Tmut           #.........   100%        5    ######.
 Excruciating Wounds      Chrm/Necr      #.........   100%        5    ######.
 Simulacrum               Ice/Necr       #.........   100%        6    #######


Dungeon Overview and Level Annotations

Branches:
Dungeon (14/15)            Temple (1/1) D:6            Lair (0/6) D:9
    Orc (0/2) D:11         Vaults (0/5) D:13

Altars:
Ashenzari
Cheibriados
Dithmenos
Elyvilon
Fedhas
Gozag
Hepliaklqana
Kikubaaqudgha
Makhleb
Nemelex Xobeh
Okawaru
Qazlal
Ru
Sif Muna
Trog
Uskayaw
Vehumet
Wu Jian
Xom
Yredelemnul
Zin
The Shining One

Shops:
D:7 ?   D:9 %   D:10 :


Message History

* * * LOW HITPOINT WARNING * * *
The phantasmal warrior blinks!
You hear a loud, deep croak!
You slice the death knight!!
The death knight is almost dead.
The death knight reflects your damage back at you!
* * * LOW HITPOINT WARNING * * *
You slice the death knight!!
The Singing Sword screams like a furious frog.
You send a blast of sound all around you.
The phantasmal warrior and the water elemental are blasted.
The phantasmal warrior is severely damaged.
The water elemental is severely damaged.
You kill the death knight!
Your damage is reflected back at you!
* * * LOW HITPOINT WARNING * * *
A bullfrog comes into view.
The bullfrog croaks.
The water elemental hits you!
You die...

≈≈≈≈≈ ≈≈≈≈
≈≈≈≈ #≈≈
#.≈ #.# #E#
### #@# ...
#.# #.#
#.##≈.#
#W#≈≈≈##
#.≈≈≈≈≈##
##≈≈≈≈≈≈≈##
#≈≈≈≈≈≈≈≈≈#
##≈≈≈≈≈≈≈..
##≈≈≈≈≈##


You could see a phantasmal warrior and a water elemental.

Vanquished Creatures
  Snorg (D:11)
  Fannar (D:10)
  8 vault guards (D:13)
  A death knight (D:14)
  2 hydras
  3 two-headed ogres
  2 centaur warriors
  A tengu warrior (D:13)
  3 unseen horrors
  4 wizards
  An orc knight (D:12)
  A deep elf mage (D:12)
  3 ugly things
  A wolf spider (D:11)
  2 gargoyles
  2 komodo dragons
  A freezing wraith (D:14)
  2 tengu conjurers
  3 trolls
  4 slime creatures
  A hippogriff (shapeshifter) (D:13)
  Sigmund (D:3)
  4 wraiths
  A wyvern (D:13)
  5 yaks (D:13)
  7 vampire mosquitoes
  A steam dragon (D:9)
  5 hungry ghosts
  A soldier ant (D:11)
  An acid dragon (D:13)
  A water moccasin (D:11)
  6 sky beasts
  A hornet zombie (D:9)
  7 orc warriors
  4 ice beasts
  A necrophage (D:10)
  4 phantoms
  An eye of draining (D:13)
  6 ogres
  A centaur (D:12)
  A crocodile (D:10)
  4 big kobolds
  2 elf zombies (Ossuary)
  8 bullfrogs
  5 scorpions
  4 killer bees (D:12)
  3 wights (D:8)
  3 howler monkeys (D:11)
  9 crimson imps
  A centaur zombie (D:5)
  2 bullfrog zombies
  3 hounds
  12 jellies
  4 bullfrog skeletons
  4 centaur skeletons
  4 human zombies
  7 orc priests
  Jessica (D:3)
  Terence (D:3)
  10 worker ants
  Ijyb (D:3)
  5 iguanas
  13 orc wizards
  A big kobold zombie (Ossuary)
  A hound skeleton (D:4)
  3 mummies (Ossuary)
  A worker ant zombie (D:6)
  The ghost of Stiffzip the Sneak, a weakling SpEE (D:3)
  Robin (D:4)
  7 gnolls
  13 adders
  2 river rats (Sewer)
  6 shadow imps
  5 oozes
  2 worm zombies (D:6)
  5 adder zombies (Ossuary)
  4 worms
  An adder skeleton (D:4)
  8 leopard geckos
  40 orcs
  2 ball pythons (D:3)
  5 giant cockroaches
  16 goblins
  10 hobgoblins
  3 jackals
  2 quokkas
  14 bats
  7 frilled lizards
  3 gnoll zombies
  3 goblin zombies (Ossuary)
  6 hobgoblin zombies (Ossuary)
  A jackal skeleton (D:5)
  A jackal zombie (Ossuary)
  24 kobolds
  2 kobold zombies
  A leopard gecko zombie (D:7)
  2 orc zombies (Ossuary)
  2 quokka skeletons (D:9)
  2 quokka zombies (Ossuary)
  10 rats
  9 rat zombies
  2 fungi (D:6)
440 creatures vanquished.

Vanquished Creatures (others)
  20 fungi
  A plant (D:9)
  7 toadstools (D:5)
28 creatures vanquished.

Grand Total: 468 creatures vanquished

Notes
Turn   | Place    | Note
-------+----------+-------------------------------------------
     0 | D:1      | Borgoz the Hill Orc Gladiator began the quest for the Orb.
     0 | D:1      | Reached XP level 1. HP: 18/18 MP: 1/1
   275 | D:1      | Reached XP level 2. HP: 24/25 MP: 2/2
   883 | D:2      | Found a hazy altar of Hepliaklqana.
   908 | D:2      | Reached skill level 1 in Armour
   938 | D:2      | Reached XP level 3. HP: 27/30 MP: 3/3
  1132 | D:2      | Found an opulent altar of Gozag.
  1231 | D:2      | Found a blossoming altar of Fedhas.
  1276 | D:2      | Reached skill level 4 in Long Blades
  1463 | D:3      | Found a faded altar of an unknown god.
  1463 | D:3      | Noticed Ijyb
  1470 | D:3      | Killed Ijyb
  1470 | D:3      | Reached XP level 4. HP: 34/38 MP: 4/4
  1510 | D:3      | Reached XP level 5. HP: 40/45 MP: 5/5
  1579 | D:3      | Found a shadowy altar of Dithmenos.
  1582 | D:3      | Noticed an ogre
  1590 | D:3      | Killed an ogre
  1590 | D:3      | Reached skill level 5 in Long Blades
  1615 | D:3      | Reached XP level 6. HP: 25/52 MP: 6/6
  1691 | D:3      | Found a glowing drain.
  1723 | Sewer    | Entered a sewer
  2000 | Sewer    | Found a white marble altar of Elyvilon.
  2062 | D:3      | Found a runed translucent gate.
  2062 | D:3      | Found a runed translucent gate.
  2062 | D:3      | Found a runed translucent gate.
  2063 | D:3      | Noticed Stiffzip's ghost (weakling SpEE)
  2064 | D:3      | Identified the +6 short sword of the Tundras {venom, rF-
                  | rC+ Str+3 Dex+5}
  2068 | D:3      | Noticed Sigmund
  2078 | D:3      | Killed Sigmund
  2078 | D:3      | Reached skill level 6 in Long Blades
  2078 | D:3      | Reached XP level 7. HP: 32/60 MP: 7/7
  2170 | D:3      | Noticed Terence
  2183 | D:3      | Killed Terence
  2624 | D:3      | Noticed Jessica
  2635 | D:3      | Killed Jessica
  3025 | D:3      | Killed Stiffzip's ghost
  3134 | D:4      | Noticed Robin
  3158 | D:4      | Killed Robin
  3626 | D:4      | Reached skill level 5 in Fighting
  3970 | D:5      | Entered Level 5 of the Dungeon
  4074 | D:5      | Reached skill level 7 in Long Blades
  4074 | D:5      | Reached XP level 8. HP: 58/68 MP: 8/8
  4209 | D:5      | Found a deep blue altar of Sif Muna.
  4407 | D:5      | Noticed a slime creature
  4418 | D:5      | Killed a slime creature
  4418 | D:5      | Reached skill level 8 in Long Blades
  4425 | D:5      | Reached skill level 5 in Armour
  4800 | D:5      | Found a stormy altar of Qazlal.
  4800 | D:5      | Found a white marble altar of Elyvilon.
  4917 | D:5      | Noticed a slime creature
  4924 | D:5      | Killed a slime creature
  4924 | D:5      | Reached XP level 9. HP: 42/78 MP: 9/9
  5615 | D:6      | Reached skill level 5 in Dodging
  5631 | D:6      | Reached skill level 9 in Long Blades
  5658 | D:6      | Found a sand-covered staircase.
  5694 | Ossuary  | Entered an ossuary
  6620 | D:6      | Found a staircase to the Ecumenical Temple.
  7080 | D:6      | Found the +7 Singing Sword {slice, sonic wave}
  7213 | Temple   | Entered the Ecumenical Temple
  7256 | Temple   | Became a worshipper of Ashenzari the Shackled
  7439 | D:7      | Reached skill level 1 in Stealth
  7439 | D:7      | Reached skill level 1 in Evocations
  7440 | D:7      | Found Hoxt's Magic Scroll Boutique.
  7497 | D:7      | Reached XP level 10. HP: 73/88 MP: 9/11
  7500 | D:7      | Bought 3 scrolls of remove curse for 135 gold pieces
  7500 | D:7      | Bought a scroll of blinking for 112 gold pieces
  7546 | D:7      | Found a burning altar of Makhleb.
  7791 | D:7      | Found a basalt altar of Yredelemnul.
  7904 | D:4      | Got the cursed ring mail "Woem Pao" {rPois rCorr Stlth+}
  7915 | D:4      | Identified the cursed +0 ring mail "Woem Pao" {rPois rCorr
                  | Stlth+} (You found it on level 4 of the Dungeon)
  7979 | D:8      | Noticed a two-headed ogre
  7982 | D:8      | Reached skill level 10 in Long Blades
  7989 | D:8      | Killed a two-headed ogre
  8577 | D:8      | Found an iron altar of Okawaru.
  8985 | D:9      | Found Jijei's Food Emporium.
  9080 | D:9      | Noticed a wizard
  9082 | D:9      | Noticed an eight-headed hydra
  9086 | D:9      | Killed a wizard
  9102 | D:9      | Killed an eight-headed hydra
  9102 | D:9      | Reached XP level 11. HP: 22/97 MP: 13/13
  9188 | D:9      | Noticed a wizard
  9197 | D:9      | Killed a wizard
  9408 | D:9      | Found a sparkling altar of Nemelex Xobeh.
  9528 | D:9      | Found a staircase to the Lair.
  9577 | D:9      | Found a glowing golden altar of the Shining One.
  9909 | D:10     | Entered Level 10 of the Dungeon
  9926 | D:10     | Found Ofetuopy's Book Shoppe.
 10091 | D:10     | Noticed a two-headed ogre
 10094 | D:10     | Reached skill level 11 in Long Blades
 10098 | D:10     | Noticed Fannar
 10100 | D:10     | Killed a two-headed ogre
 10107 | D:10     | Killed Fannar
 10116 | D:10     | Reached * piety under Ashenzari
 10446 | D:11     | Noticed Snorg
 10460 | D:11     | Killed an unseen horror
 10460 | D:11     | Reached skill level 10 in Fighting
 10465 | D:11     | Killed Snorg
 10647 | D:7      | Bought a scroll of identify for 30 gold pieces
 10647 | D:7      | Bought 2 scrolls of identify for 60 gold pieces
 10647 | D:7      | Bought a scroll of identify for 30 gold pieces
 10647 | D:7      | Bought a scroll of teleportation for 45 gold pieces
 10647 | D:7      | Bought a scroll of identify for 30 gold pieces
 10729 | D:11     | Noticed a wizard
 10736 | D:11     | Noticed a wizard
 10738 | D:11     | Paralysed by a wizard for 7 turns
 10741 | D:11     | Noticed a deep elf mage
 10749 | D:11     | Noticed a wizard
 10752 | D:11     | Killed a wizard
 10807 | D:11     | Identified the Tome of Plaster Cramp
 10824 | D:11     | Identified the Volume of Dhcmrlchtdj
 10831 | D:11     | Identified Dusycery's Tome of Sand
 10864 | D:11     | Noticed a brown ugly thing
 10870 | D:11     | Killed a brown ugly thing
 10870 | D:11     | Reached XP level 12. HP: 107/107 MP: 15/15
 10873 | D:11     | Found a staircase to the Orcish Mines.
 11891 | D:12     | Noticed a two-headed ogre
 11899 | D:12     | Killed a two-headed ogre
 12232 | D:13     | Noticed a tengu warrior
 12247 | D:13     | Reached skill level 12 in Long Blades
 12250 | D:13     | Reached skill level 10 in Armour
 12292 | D:13     | Noticed a vault guard
 12303 | D:13     | Noticed a vault guard
 12305 | D:13     | Killed a vault guard
 12305 | D:13     | Reached skill level 5 in Evocations
 12463 | D:13     | Noticed a vault guard
 12476 | D:13     | Killed a vault guard
 12479 | D:13     | Noticed a vault guard
 12495 | D:13     | Killed a vault guard
 12506 | D:13     | Killed a tengu warrior
 12506 | D:13     | Noticed a vault guard
 12526 | D:13     | Killed a vault guard
 12526 | D:13     | Reached XP level 13. HP: 54/116 MP: 8/16
 12654 | D:13     | Killed a vault guard
 12660 | D:13     | Reached skill level 5 in Stealth
 12753 | D:13     | Found a gate to the Vaults.
 12862 | D:13     | Noticed a vault guard
 12870 | D:13     | Killed a vault guard
 12894 | D:13     | Noticed a vault guard
 12912 | D:13     | Killed a vault guard
 13038 | D:13     | Noticed a vault guard
 13049 | D:13     | Killed a vault guard
 13194 | D:11     | Reached skill level 13 in Long Blades
 13298 | D:12     | Identified a scroll of acquirement
 13690 | D:14     | HP: 6/178 [mirror damage (6)]
 13691 | D:14     | Slain by a water elemental

Levels and vault maps discovered:
D:1:      dpeg_arrival_rooms_with_view, layout_loops_corners, minivault_25
D:2:      layout_rooms, marbit_many_paths, old_standard_altar,
          lemuel_doored_altar, serial_curves, eino_curves_01, eino_curves_02,
          eino_curves_03, eino_curves_01, minmay_pentomino_o2
D:3:      layout_loops_ring, nicolae_dithmenos_shadow_blocks, serial_glass,
          glass_columns_a, glass_columns_b,
          chequers_ecumenical_altar_simple_redux, portal_sewer_entry_b,
          gammafunk_ghost_nasty_kobolds, nicolae_underground_beach,
          uniq_sigmund, uniq_terence, uniq_ijyb, uniq_jessica
D:4:      layout_cave_pods, nrook_campfire, uniq_robin
D:5:      cheibrodos_fertilizer, layout_cave_pools,
          gammafunk_temple_overflow_statue, basic_altar, first_ration,
          chequers_serial_rivers_room_a, st_stairs_6,
          chequers_serial_rivers_marsh
D:6:      old_forge, layout_basic, temple_doors_ab, enter_ossuary_3,
          corexii_item_surrounded_by_moat
D:7:      minmay_klotski, layout_basic, lemuel_zombie_altar_yredelemnul,
          basic_altar, serial_shops, nicolae_shop_stone, grunt_ogre_cave
D:8:      layout_loops_ring, lemuel_round_altar
D:9:      minmay_slanted_spiral_squares, layout_rooms, tso_altar,
          david_lair_shrubbed, serial_shops, shop, nemelex_altar_shiori
D:10:     layout_rooms, serial_shops, shop, uniq_fannar
D:11:     layout_roguey, david_orc_2, bh_hangedman_babel_library, uniq_snorg
D:12:     hangedman_arrow_trap, layout_cave_pods, st_stairs_9
D:13:     layout_basic, erik_vaults_2, uniq_frances
D:14:     layout_basic, minmay_misc_feat_roman
Temple:   nicolae_temple_god_jail

Skill      XL: |  1  2  3  4  5  6  7  8  9 10 11 12 13 |
---------------+----------------------------------------+-----
Armour         | 1 2 3 4 5 6 7 9 10 11 | 11.4
Long Blades    | 4 5 6 7 8 9 10 11 12 13 | 13.2
Fighting       | 3 4 5 6 7 9 10 11 12 | 12.5
Dodging        | 3 4 5 6 7 8 9 |  9.3
Stealth        | 1 2 3 4 5 |  5.0
Evocations     | 1 3 4 5 |  5.0
Throwing       | |  1.7

Action                   |  1- 3 |  4- 6 |  7- 9 | 10-12 | 13-15 || total
-------------------------+-------+-------+-------+-------+-------++-------
Melee: Long sword        |   108 |   145 |    66 |       |       ||   319
       Short sword       |       |       |   490 |     5 |     2 ||   497
       Double sword      |       |       |    25 |   288 |   104 ||   417
Throw: Throwing net      |       |     1 |     2 |     1 |     1 ||     5
Evoke: Wand              |       |     1 |    11 |     8 |       ||    20
  Use: Scroll            |       |     7 |     8 |    11 |     3 ||    29
       Potion            |       |     1 |     2 |     3 |     2 ||     8
 Stab: Held in net/web   |       |     1 |     1 |       |     2 ||     4
       Sleeping          |       |       |       |    12 |     1 ||    13
       Invisible         |       |       |       |     4 |       ||     4
  Eat: Chunk             |     2 |     2 |    12 |    16 |     6 ||    38
       Ration            |       |       |     2 |       |       ||     2
Armor: Leather armour    |    25 |       |       |       |       ||    25
       Scale mail        |    43 |    66 |     4 |       |       ||   113
       Chain mail        |       |       |   237 |     6 |       ||   243
       Ring mail         |       |       |       |    65 |    27 ||    92
Dodge: Dodged            |    84 |   129 |   311 |   218 |    85 ||   827
       Deflected         |       |       |       |     1 |       ||     1
       Rpst.: Long sword |    30 |    32 |    11 |       |       ||    73
       Double sword      |       |       |     4 |    50 |    20 ||    74

Table legend:
 A = Non-vault XP
 B = Vault XP
 C = Vault XP percentage of total XP
 D = Non-vault monster count
 E = Vault monster count
 F = Vault count percentage of total count
                 A         B        C        D         E       F
            +---------+---------+-------+---------+---------+-------
      Total |   23346 |   23797 |  50.5 |     270 |     168 |  38.4
            +---------+---------+-------+---------+---------+-------
        D:1 |      21 |       2 |   8.7 |      14 |       2 |  12.5
        D:2 |      36 |       1 |   2.7 |      16 |       1 |   5.9
        D:3 |     337 |     379 |  52.9 |      31 |      19 |  38.0
        D:4 |     142 |      40 |  22.0 |      10 |      13 |  56.5
        D:5 |     378 |    1076 |  74.0 |      14 |      17 |  54.8
        D:6 |     649 |     321 |  33.1 |      16 |      17 |  51.5
        D:7 |    1033 |     121 |  10.5 |      20 |       3 |  13.0
        D:8 |    2100 |       0 |   0.0 |      32 |       0 |   0.0
        D:9 |     628 |    3171 |  83.5 |      15 |      15 |  50.0
       D:10 |    2568 |     969 |  27.4 |      21 |       1 |   4.5
       D:11 |    2972 |    3887 |  56.7 |      24 |      12 |  33.3
       D:12 |    3664 |    4415 |  54.6 |      19 |      11 |  36.7
       D:13 |    7124 |    8822 |  55.3 |      34 |       9 |  20.9
       D:14 |    1694 |       0 |   0.0 |       4 |       0 |   0.0
      Sewer |       0 |     141 | 100.0 |       0 |      10 | 100.0
    Ossuary |       0 |     452 | 100.0 |       0 |      38 | 100.0
            +---------+---------+-------+---------+---------+-------
